AoeStats
← taki英语课睡觉

Nomad

509585620Analyzed
4v4 RM · 6d ago on Sep 27, 2026· 39m 46s· 8 players
Game mode
Random Map
Map size
231×231
Population
200
Speed
Normal
Resources
Standard
Victory
Conquest
Starting age
Dark Age
Ending age
Imperial Age
RankedLock teamsTeams togetherTeam positionsShared explorationLock speedFull tech treeHidden civsTurbo modeCheats
Victory
Defeat
🇩🇪 Persians · Germany
1241
+18
🇫🇮 Franks · Finland
1224
+18
🇳🇱 Vietnamese · Netherlands
1173
+20
🇫🇮 Varangians · Finland
1105
+23
🇮🇳 Persians · India
1327
-22
🇵🇪 Armenians · Peru
1284
-20
🇨🇳 Spanish · China
1252
-19
🇭🇰 Dravidians · Hong Kong SAR China
1226
-18
Demshredz
4:59 Loom
15:51 Feudal Age
21:42 Castle Age
21:12 Wheelbarrow
22:07 Bloodlines
21:51 Gold Mining
21:43 Horse Collar
21:54 Fishing Lines
23:37 Scale Barding Armor
25:50 Hand Cart
26:51 Chain Barding Armor
26:42 Forging
27:13 Heavy Plow
27:07 Double-Bit Axe
29:08 Iron Casting
30:35 Bow Saw
36:44 Husbandry
37:27 Stone Mining
38:12 Gold Shaft Mining
38:29 Medium Warships
Deathiscoming
6:19 Loom
13:49 Feudal Age
14:52 Double-Bit Axe
14:52 Fishing Lines
16:58 Town Watch
20:47 Castle Age
22:13 Fletching
22:17 Gillnets
22:52 Gold Mining
23:48 Husbandry
25:03 Bow Saw
24:36 Horse Collar
25:05 Bodkin Arrow
27:06 Padded Archer Armor
28:28 Chatras
28:38 Scale Barding Armor
28:43 Forging
29:39 Leather Archer Armor
29:52 Ballistics
30:16 Devotion
30:18 Treadmill Crane
31:34 Iron Casting
32:44 Wheelbarrow
35:25 Chain Barding Armor
39:14 Imperial Age
38:26 Scale Mail Armor
39:22 Medium Warships
38:48 Demolition Ship
39:29 Heavy Demolition Ship
Jopska
5:09 Loom
12:56 Feudal Age
18:34 Castle Age
17:54 Double-Bit Axe
22:39 Forging
22:35 Scale Barding Armor
22:51 Husbandry
23:51 Wheelbarrow
36:11 Fletching
39:02 Imperial Age
39:02 Town Watch
Matti
13:25 Feudal Age
14:05 Town Watch
14:07 Loom
18:06 Castle Age
21:48 Double-Bit Axe
23:35 Wheelbarrow
24:44 Fishing Lines
28:02 Ballistics
28:01 Treadmill Crane
28:16 Murder Holes
28:40 Gillnets
29:05 Fletching
29:17 Padded Archer Armor
29:32 Careening
29:25 Gold Mining
29:55 Bow Saw
31:43 Hand Cart
31:29 Town Patrol
32:53 Bodkin Arrow
33:01 Scale Mail Armor
33:11 Forging
33:02 Padded Archer Armor
33:07 Scale Barding Armor
34:06 Clinker Construction
37:21 Imperial Age
35:54 Iron Casting
35:35 Chain Mail Armor
35:48 Masonry
36:10 Vendel Legacy
37:13 Chain Barding Armor
37:09 Leather Archer Armor
37:42 Heated Shot
37:28 Elite Longship
38:33 Conscription
39:36 Chemistry
39:45 Shipwright
40:45 Carvel Hull
40:46 Dry Dock
arsenalchelsea2
10:26 Loom
12:53 Feudal Age
16:23 Castle Age
14:24 Double-Bit Axe
15:00 Horse Collar
17:13 Bow Saw
taki英语课睡觉
5:24 Loom
13:10 Feudal Age
16:57 Castle Age
15:33 Stone Mining
16:50 Double-Bit Axe
16:55 Fishing Lines
Seu Madruga
5:18 Loom
12:38 Feudal Age
13:28 Double-Bit Axe
18:31 Castle Age
16:44 Gold Mining
16:44 Fishing Lines
20:03 Bow Saw
20:29 Squires
20:47 Scale Mail Armor
21:10 Fervor
22:37 Horse Collar
23:32 Redemption
23:56 Chain Mail Armor
24:01 Forging
23:44 Pikeman
29:27 Sanctity
34:54 Gillnets
Soyo不用學英文
12:28 Loom
14:43 Feudal Age
18:16 Castle Age
Connection lost

Rejoining the realm…

Still unreachable

The connection could not be restored.

Session expired

The server has moved on; the page needs a fresh start.